AoeStats
← asasa137

Scandinavia

510347047Analyzed
1v1 RM · 13h ago on Sep 30, 2026· 40m 59s· 2 players
Game mode
Random Map
Map size
Tiny (2 player)
Population
200
Speed
Normal
Resources
Standard
Victory
Conquest
Starting age
Dark Age
Ending age
Imperial Age
RankedLock teamsTeams togetherTeam positionsShared explorationLock speedFull tech treeHidden civsTurbo modeCheats
Victory
Defeat
🇧🇪 Wei · Belgium
982
+16
🇺🇸 Byzantines · United States
988
-16
asasa137
9:43 Feudal Age
11:12 Town Watch
12:59 Bloodlines
14:23 Horse Collar
22:49 Castle Age
21:20 Loom
21:30 Double-Bit Axe
22:18 Padded Archer Armor
22:25 Scale Barding Armor
26:34 Heavy Plow
27:18 Thumb Ring
27:40 Fletching
28:49 Medium Warships
29:34 Ballistics
33:05 Bodkin Arrow
33:25 Leather Archer Armor
33:31 Chain Barding Armor
35:33 Town Patrol
39:44 Bow Saw
42:11 Wheelbarrow
Ryan Gosling
12:45 Feudal Age
15:22 Double-Bit Axe
16:28 Horse Collar
19:44 Loom
20:35 Wheelbarrow
25:24 Castle Age
28:16 Hand Cart
30:50 Elite Skirmisher
31:51 Padded Archer Armor
31:41 Fletching
40:14 Imperial Age
40:18 Leather Archer Armor
39:59 Bodkin Arrow
Connection lost

Rejoining the realm…

Still unreachable

The connection could not be restored.

Session expired

The server has moved on; the page needs a fresh start.